[Event "*** SCC Grand Prix: Titled Tuesday Blitz"]
[Site "Chess.com"]
[Date "2020.07.07"]
[Round "2"]
[White "bugsbunny444"]
[Black "ChessQueen"]
[Result "1-0"]
[WhiteElo "2493"]
[BlackElo "2670"]
[TimeControl "180+1"]
[EndTime "10:19:20 PDT"]
[Termination "bugsbunny444 won on time"]

1. Nf3 Nf6 2. c4 b6 3. g3 Bb7 4. Bg2 e6 5. O-O Be7 6. b3 O-O 7. Bb2 d5 8. e3 c5 9. Nc3 Nc6 10. cxd5 Nxd5 11. Nxd5 Qxd5 12. d4 Rad8 13. Ne5 Qd6 14.
Nxc6 Bxc6 15. Qg4 cxd4 16. Bxc6 Qxc6 17. Rac1 Qd7 18. Bxd4 f6 19. Bb2 e5 20. Qc4+ Kh8 21.
Qc7 Bc5 22. Qxd7 Rxd7 23. Rfd1 Rfd8 24. Rxd7 Rxd7 25. b4 Be7 26. Rc8+ Rd8 27. Rc7 Bxb4 28. Rxa7 Kg8 29. Rb7 Ba5 30. Ba3 Rd1+ 31. Kg2 Ra1 32. Bd6 Rxa2 33. g4 Be1 34. Rxb6 Rxf2+ 35. Kg1 Rd2 36. Bc5 Bf2+ 37. Kf1 Bh4 38. h3 h5 39. gxh5 1-0

[Event "*** SCC Grand Prix: Titled Tuesday Blitz"]
[Site "Chess.com"]
[Date "2020.07.07"]
[Round "2"]
[White "Chernobay_Artem"]
[Black "Colchonero64"]
[Result "1-0"]
[WhiteElo "2609"]
[BlackElo "2948"]
[TimeControl "180+1"]
[EndTime "10:19:21 PDT"]
[Termination "Chernobay_Artem won on time"]

1. d4 f5 2. c4 Nf6 3. Nf3 e6 4. g3 Be7 5. Bg2 d5 6. O-O c6 7. b3 Ne4 8. Ba3 Nd7 9. Qc1 O-O 10. Bxe7 Qxe7 11. Qa3 Qxa3 12. Nxa3 b6 13. Rfc1 Bb7 14. e3 Rac8 15. Rc2 Kf7 16. Rac1 Ke7 17. b4 g5 18. Ne1 h5 19. Nd3 a6 20. f3 Nef6 21.
Ne5 Nxe5 22. dxe5 Nd7 23. f4 c5 24. cxd5 exd5 25. Nc4 dxc4 26. Bxb7 b5 27. Bxa6 Rb8 28. a4 bxa4 29. bxc5 Nxc5 30. Bxc4 Nb3 31. Rd1 Rfc8 32.
Bxb3 axb3 33. Rxc8 Rxc8 34. Rb1 Rb8 35. Kf2 Ke6 36.
Ke2 Kd5 37. Kd3 g4 38. Rb2 h4 39.
gxh4 Rb7 40. h5 Rb8 41. h6 Rb7 42. Rb1 Rh7 43. Rxb3 Rxh6 44. Rb5+ Kc6 45. Rb2 Kd5 46. Ra2 Rh3 47. Ra6 Kc5 48. Rf6 Rxh2 49. Rxf5 g3 50.
Rg5 g2 51. Ke4 Kc6 52. Rg6+ Kd7 53. Rg7+ 1-0

[Event "*** SCC Grand Prix: Titled Tuesday Blitz"]
[Site "Chess.com"]
[Date "2020.07.07"]
[Round "2"]
[White "viktorskliarov"]
[Black "Harsha_Bharathakoti"]
[Result "0-1"]
[WhiteElo "2529"]
[BlackElo "2806"]
[TimeControl "180+1"]
[EndTime "10:19:21 PDT"]
[Termination "Harsha_Bharathakoti won by resignation"]

1. e4 c5 2. Nf3 Nc6 3. Bb5 g6 4.
O-O Bg7 5. Re1 e5 6. Bxc6 dxc6 7. d3 Qc7 8. Nbd2 Nf6 9. Nc4 Nd7 10. Be3 h6 11. a3 a5 12. b4 axb4 13. axb4 Rxa1 14. Qxa1 cxb4 15. d4 O-O 16. Ncxe5 Nxe5 17. Nxe5 Be6 18. Qa4 c5 19. f4 cxd4 20. Bxd4 Rd8 21. Qxb4 Qxc2 22.
h3 Bf8 23. Qc3 Qa4 24. Bb6 Bb4 25. Qe3 Bxe1 26. Bxd8 Qd1 27. Kh2 Bd2 28. Qf2 Bxf4+ 29. Qxf4 Qxd8 30. Qxh6 Qf6 31. Nf3 b5 32. e5 Qf5 33. Qd2 Kg7 34. Qd4 Qc2 35. Kg3 Qc6 36. Qd8 Qc3 37. Qf6+ Kg8 38. h4 Qd3 39. h5 gxh5 40. Kf2 Qc2+ 41. Kg3 Qg6+ 42. Kf2 Qxf6 43. exf6 Kh7 44. Nd4 b4 45. Ke3 Kg6 46. Kd3 Kxf6 47. Nc6 b3 48. Kc3 Bd5 49. Nd4 Bxg2 50. Kxb3 h4 51. Kc3 h3 52. Ne2 h2 53. Ng3 h1=Q 54. Nxh1 Bxh1 55. Kd2 Kg5 56. Ke1 f5 57. Kf2 Bd5 0-1

[Event "*** SCC Grand Prix: Titled Tuesday Blitz"]
[Site "Chess.com"]
[Date "2020.07.07"]
[Round "2"]
[White "JonahWillow"]
[Black "pastouche06"]
[Result "1/2-1/2"]
[WhiteElo "2684"]
[BlackElo "2487"]
[TimeControl "180+1"]
[EndTime "10:19:21 PDT"]
[Termination "Game drawn - insufficient material"]

1. e4 c6 2. d4 d5 3. Nc3 dxe4 4. Nxe4 Nf6 5. Nxf6+ exf6 6. c3 Bd6 7. Bd3 O-O 8. Qc2 Re8+ 9. Ne2 h5 10. Be3 Nd7 11.
O-O-O Nf8 12. c4 Be6 13. Kb1 Rc8 14. Nc3 Bb4 15. Ne4 b5 16. c5 Qd5 17. b3 a5 18. Nd6 a4 19. bxa4 f5 20. axb5 cxb5 21. Nxe8 Rxe8 22. Qb3 f4 23. Qxd5 Bxd5 24. Bd2 Bxd2 25.
Rxd2 Ne6 26. Bxb5 Rd8 27. a4 Bxg2 28. Rg1 Be4+ 29. Kb2 Nxc5 30. Re1 f5 31. Kc3 Nb7 32. Kb4 Nd6 33. Rc1 g5 34. Rc7 h4 35. Rd1 g4 36.
Rd7 Rxd7 37. Bxd7 Kf7 38. a5 Ke7 39. Ba4 g3 40. fxg3 fxg3 41. hxg3 hxg3 42. a6 g2 43. a7 Nc8 44. Bc2 Bf3 45. Bxf5 Nxa7 46. Rg1 Kd6 47. Bh3 Kd5 48. Bxg2 Bxg2 49. Rxg2 Kxd4 50.
Rd2+ Ke5 51. Kc5 Nc8 52. Re2+ Kf6 53. Kc6 Ne7+ 54. Kd7 Ng6 55. Rf2+ Ke5 56. Kc6 Nf4 57. Rf1 Ke4 58. Kc5 Ke5 59. Re1+ Kf5 60. Kd4 Ne6+ 61. Kd3 Nf4+ 62. Ke3 Ng2+ 63. Kf2 Nxe1 1/2-1/2

[Event "*** SCC Grand Prix: Titled Tuesday Blitz"]
[Site "Chess.com"]
[Date "2020.07.07"]
[Round "2"]
[White "Aguiar94"]
[Black "abhidabhi"]
[Result "1-0"]
[WhiteElo "2524"]
[BlackElo "2744"]
[TimeControl "180+1"]
[EndTime "10:19:22 PDT"]
[Termination "Aguiar94 won by resignation"]

1. e4 e6 2. d4 d5 3. e5 c5 4. c3 Nc6 5. Nf3 Qb6 6. a3 Nh6 7. b4 cxd4 8. cxd4 Nf5 9. Bb2 Bd7 10. g4 Nfe7 11. Nc3 h5 12. Na4 Qd8 13. gxh5 Nf5 14. Nc5 Bxc5 15. dxc5 Rxh5 16. Be2 Rh3 17. Rg1 Qc7 18. Bd3 Rxf3 19. Qxf3 Nxe5 20. Qe2 Nxd3+ 21. Qxd3 Qxh2 22. O-O-O O-O-O 23. Qe2 a6 24. Be5 Qh3 25. Kb2 Bb5 26. Qg4 Qxg4 27. Rxg4 Be2 28. Rdg1 Bxg4 29.
Rxg4 f6 30. Bc3 d4 31. Bd2 e5 32. Kc2 g5 33. Kd3 Kd7 34. Rg1 Rh8 35. a4 Rh2 36. Rf1 Rh3+ 37. Kc4 Ra3 38. Rh1 Rxa4 39.
Kb3 Rxb4+ 40. Kxb4 Ne7 41. Kc4 Ke6 42. Rb1 g4 43.
Rb6+ Kd7 44. Rxb7+ Ke6 45. Ra7 Nc6 46. Rxa6 Kd7 47. Rb6 f5 48. Rb7+ Kc8 49. Rf7 f4 50. Kd5 Nd8 51. Rh7 g3 52. fxg3 fxg3 53. Rg7 1-0

[Event "*** SCC Grand Prix: Titled Tuesday Blitz"]
[Site "Chess.com"]
[Date "2020.07.07"]
[Round "2"]
[White "KaspMagAlpha"]
[Black "RitvarsReimanis"]
[Result "0-1"]
[WhiteElo "2239"]
[BlackElo "2571"]
[TimeControl "180+1"]
[EndTime "10:19:22 PDT"]
[Termination "RitvarsReimanis won by resignation"]

1. d4 Nf6 2. c4 e6 3. Nf3 d5 4.
g3 Be7 5. Bg2 O-O 6. O-O dxc4 7.
Ne5 Nc6 8. Bxc6 bxc6 9. Nxc6 Qd7 10.
Nxe7+ Qxe7 11. Qa4 c5 12. Qa3 Rb8 13. Nc3 Nd5 14.
Ne4 cxd4 15. Qxe7 Nxe7 16. Bf4 Rxb2 17. Bd6 Re8 18. Rfd1 Nc6 19. Bc5 Rxe2 20. Nd6 Rd8 21. Nxc4 Ba6 22. Na3 d3 23. Nb1 Rc2 24. Be3 Ne5 25.
Nd2 Bb7 26. f4 Nf3+ 27. Kf2 Nxd2 28. Rxd2 Rxd2+ 29. Bxd2 Bd5 30. a4 Bb3 31. a5 a6 32.
Ra3 Bc4 33. Rc3 Bb5 34. Rc7 h6 35. g4 Rd7 36. Rc8+ Kh7 37. Ke3 Kg6 38. h4 h5 39.
gxh5+ Kxh5 40. Rh8+ Kg6 41. h5+ Kf5 42. Rh7 f6 43. h6 gxh6 44. Rxh6 Rg7 45. Rh5+ Kg6 46. Rh3 Kf7 47. Rf3 Rg2 48. Rh3 Re2+ 49. Kd4 Rxd2 50. Rh6 Rc2 51. Rh2 Rxh2 52. Ke3 d2 53. f5 d1=Q 54.
fxe6+ Kxe6 55. Kf4 Rh4+ 56. Kg3 Qg4+ 57. Kf2 Rh3 0-1

[Event "*** SCC Grand Prix: Titled Tuesday Blitz"]
[Site "Chess.com"]
[Date "2020.07.07"]
[Round "2"]
[White "Juanovic"]
[Black "PenguinPacks"]
[Result "1-0"]
[WhiteElo "2075"]
[BlackElo "2369"]
[TimeControl "180+1"]
[EndTime "10:19:22 PDT"]
[Termination "Juanovic won by checkmate"]

1. e4 e5 2. Nf3 Nc6 3. Bb5 a6 4. Ba4 d6 5. O-O Nf6 6. d3 g6 7. h3 Bg7 8. Re1 O-O 9. c3 b5 10. Bb3 Bb7 11. Nbd2 Re8 12. Ng5 Re7 13. Ndf3 h6 14.
Nxf7 Rxf7 15. Bxf7+ Kxf7 16. d4 Qe7 17. a4 Rd8 18. axb5 axb5 19. Qb3+ Kf8 20. Qxb5 Rb8 21. Nh4 Qf7 22. d5 Ne7 23. Ra7 c6 24. dxc6 Nxc6 25.
Nxg6+ Kg8 26. Rxb7 Qxb7 27. Qxc6 Qxc6 28. Ne7+ Kf7 29.
Nxc6 Rb6 30. Na5 Ke6 31. b4 d5 32. Be3 d4 33. cxd4 Rxb4 34. d5+ Kd6 35. f3 Ra4 36. Nc6 Nh5 37. Rc1 Nf4 38. Bxf4 exf4 39. h4 Bf6 40.
h5 Bg7 41. Kh2 Ra2 42. Kh3 Bf6 43. Rb1 Ra8 44. Rb8 Ra2 45. Rf8 Bg5 46. Rf5 Kc5 47.
Rxg5 hxg5 48. h6 Ra8 49. Kg4 Rg8 50. Kh5 Kd6 51. h7 Rh8 52. Kg6 g4 53. Kg7 Rxh7+ 54. Kxh7 gxf3 55. gxf3 Kc5 56. Kg6 Kc4 57. d6 Kd3 58. d7 Ke2 59. d8=Q Kxf3 60. e5 Ke4 61. e6 f3 62. e7 f2 63. e8=Q+ Kf3 64. Qf6+ Kg3 65.
Qee5+ Kh3 66. Qeg5 f1=Q 67. Qh8# 1-0

[Event "*** SCC Grand Prix: Titled Tuesday Blitz"]
[Site "Chess.com"]
[Date "2020.07.07"]
[Round "2"]
[White "VincentKeymer"]
[Black "blitzking1729"]
[Result "1-0"]
[WhiteElo "2876"]
[BlackElo "2556"]
[TimeControl "180+1"]
[EndTime "10:19:23 PDT"]
[Termination "VincentKeymer won on time"]

1. Nf3 d5 2. e3 c5 3. b3 Nc6 4. Bb5 Nf6 5. Bb2 e6 6. O-O Be7 7. Bxc6+ bxc6 8. d3 O-O 9. Nbd2 a5 10. Ne5 Qc7 11. a4 Ba6 12. f4 Rfd8 13. Qf3 Rab8 14.
Qg3 g6 15. f5 Nh5 16. Qh3 exf5 17. Rxf5 Bc8 18. Nxf7 Bf8 19. Nxd8 Bxf5 20. g4 Bxg4 21. Qxg4 Rxd8 22. Rf1 Qe7 23. e4 Bg7 24. Bxg7 Nxg7 25. Re1 Rf8 26. Qg3 Nh5 27. Qg4 Qf6 28. Rf1 Qd4+ 29.
Kg2 Rxf1 30. Nxf1 dxe4 31. dxe4 Nf6 32. Qe6+ Kg7 33. Qe7+ Kg8 34. Qe6+ Kg7 35. Ng3 Qd2+ 36. Kh3 Qg5 37. Qe7+ Kg8 38. Qe6+ Kg7 39. Qe7+ Kg8 40. e5 Qh6+ 41. Kg2 Nd5 42. Qe8+ Kg7 43. Qd7+ Kg8 44.
Qc8+ Kg7 45. Qb7+ Kg8 46. Qxc6 Qd2+ 47. Kh3 Qh6+ 48. Kg4 Qf4+ 49. Kh3 Qh6+ 50. Kg2 Qf4 51. Qxd5+ Kg7 52. e6 Kg8 53. Qd8+ Kg7 54. e7 1-0

[Event "*** SCC Grand Prix: Titled Tuesday Blitz"]
[Site "Chess.com"]
[Date "2020.07.07"]
[Round "2"]
[White "novocane"]
[Black "SiddharthGMJagadeesh"]
[Result "1-0"]
[WhiteElo "2270"]
[BlackElo "2441"]
[TimeControl "180+1"]
[EndTime "10:19:23 PDT"]
[Termination "novocane won by resignation"]

1. d4 Nf6 2. c4 g6 3. Nc3 d5 4. cxd5 Nxd5 5. e4 Nxc3 6. bxc3 Bg7 7. Qa4+ Nd7 8. Nf3 O-O 9. Be3 c5 10. Rd1 Qc7 11. Qa3 a6 12. Bd3 b5 13. Bxb5 axb5 14. Qxa8 Bb7 15. Qa3 Bxe4 16. O-O Qb7 17. Ne1 Rc8 18.
dxc5 Ne5 19. Qa5 Nc4 20. Rd8+ Bf8 21. Rxc8 Nxa5 22. Rd8 Nc4 23. Bh6 Qa8 24. Rxa8 Bxa8 25. Bxf8 Kxf8 26. Nd3 e6 27. Nb4 Ke7 28. Rd1 Ne5 29.
f4 Nc4 30. c6 Nb6 31. Rd4 f6 32. g3 Nd5 33. Nxd5+ exd5 34. Rxd5 Bxc6 35. Rc5 Kd6 36. Rxc6+ Kxc6 37. Kf2 Kd5 38. Ke3 Kc4 39. Kd2 f5 40. Kc2 h6 41. Kd2 Kc5 42. Kd3 Kd5 43. h3 Kc5 44.
Kc2 Kc4 45. Kb2 Kd3 46. Kb3 Ke3 47. Kb4 Kf3 48. Kxb5 Kxg3 49. c4 Kxf4 50. c5 Ke5 51.
c6 f4 52. c7 f3 53. c8=Q Kf4 54. Qf8+ Kg3 55. Qxh6 f2 56. Qxg6+ Kxh3 57. Qf5+ Kg2 58.
a4 f1=Q+ 59. Qxf1+ 1-0

[Event "*** SCC Grand Prix: Titled Tuesday Blitz"]
[Site "Chess.com"]
[Date "2020.07.07"]
[Round "2"]
[White "Vitor-Moraes"]
[Black "Omk124"]
[Result "0-1"]
[WhiteElo "2006"]
[BlackElo "2375"]
[TimeControl "180+1"]
[EndTime "10:19:23 PDT"]
[Termination "Omk124 won on time"]

1. e4 g6 2. f4 Bg7 3. Nf3 c6 4. Bc4 d5 5. exd5 cxd5 6. Bb5+ Nc6 7. Ne5 Qc7 8. d4 Nh6 9. Nc3 Be6 10. Qf3 a6 11.
Bxc6+ bxc6 12. O-O O-O 13. Na4 Bf5 14. Qe2 Qb8 15.
Nc5 Qc7 16. Nxa6 Qd6 17. Nc5 f6 18. Nf3 Nf7 19. a4 e5 20. c3 Rfe8 21. Qf2 exf4 22. b4 g5 23. Bd2 Nh6 24. h3 Nf7 25. Rfe1 h5 26. Rxe8+ Rxe8 27. a5 h4 28. Re1 Ra8 29. Qe2 Qc7 30. Qe7 Qxe7 31. Rxe7 Nd6 32. Rc7 Ne4 33.
Be1 Nxc5 34. dxc5 Be4 35. Rxc6 d4 36. Nxd4 Bxc6 37. Nxc6 f5 38. Ne7+ Kf7 39. Nxf5 Bf6 40. Nd6+ Ke6 41. c4 Bd4+ 42. Bf2 Rb8 43. Bxd4 Rxb4 44. Nb5 Rxc4 45. Bf2 Rb4 46. a6 Rxb5 47.
a7 Ra5 48. Kf1 Rxa7 49. Ke2 Kd5 50. Kf3 Ra2 51. Bg1 Kc6 52. Bf2 Rc2 53. Bg1 Rc3+ 54. Kg4 Rg3+ 55. Kf5 Rxg2 56. Bd4 f3 57. Ke4 f2 0-1

[Event "*** SCC Grand Prix: Titled Tuesday Blitz"]
[Site "Chess.com"]
[Date "2020.07.07"]
[Round "2"]
[White "bratkoo"]
[Black "monalize"]
[Result "1/2-1/2"]
[WhiteElo "2446"]
[BlackElo "2250"]
[TimeControl "180+1"]
[EndTime "10:19:26 PDT"]
[Termination "Game drawn by repetition"]

1. e4 c5 2. Nf3 d6 3. d4 cxd4 4. Nxd4 Nf6 5. Nc3 a6 6. Be3 Ng4 7. Bg5 h6 8. Bh4 g5 9. Bg3 Bg7 10. Be2 Ne5 11. h4 gxh4 12. Rxh4 Nbc6 13. Nf5 Bxf5 14.
exf5 Qb6 15. Nd5 Qa5+ 16. c3 e6 17. fxe6 fxe6 18. Bh5+ Kd7 19. Ne3 Qb5 20. Nc4 Nxc4 21. Rxc4 Be5 22. Bxe5 Nxe5 23. Be2 Nxc4 24. b3 Qg5 25.
Bxc4 Qe5+ 26. Kf1 Raf8 27. Qd3 Qf5 28. Qe3 b5 29. Be2 Qc5 30. Qxc5 dxc5 31. a4 b4 32. cxb4 cxb4 33. Bxa6 Ke7 34. Rc1 Rd8 35. Rc4 Rd6 36. Bb5 Rf8 37. Rxb4 Rd2 38. f3 Rb2 39. Bc4 h5 40.
Rb6 Rf6 41. a5 h4 42. a6 h3 43.
gxh3 Rxf3+ 44. Ke1 Re3+ 45. Kd1 Ra2 46. h4 e5 47. h5 Rh3 48. Rb7+ Kd6 49. Rf7 Rh1+ 50. Rf1 Rxh5 51. Kc1 Kc5 52. Rd1 Rhh2 53. Rd5+ Kb4 54.
Kb1 Rhg2 55. Rd1 Rgb2+ 56. Kc1 Rc2+ 57. Kb1 Rcb2+ 58. Kc1 Rc2+ 59. Kb1 Rcb2+ 1/2-1/2

[Event "*** SCC Grand Prix: Titled Tuesday Blitz"]
[Site "Chess.com"]
[Date "2020.07.07"]
[Round "2"]
[White "Andreikka"]
[Black "suyu28"]
[Result "1-0"]
[WhiteElo "2921"]
[BlackElo "2573"]
[TimeControl "180+1"]
[EndTime "10:19:28 PDT"]
[Termination "Andreikka won on time"]

1. c4 e6 2. Nc3 d5 3. d4 c6 4. e3 Nf6 5. Bd3 Nbd7 6. Qc2 dxc4 7. Bxc4 b5 8. Bd3 Bb7 9. Nf3 a6 10. e4 c5 11. O-O cxd4 12. Nxd4 Rc8 13. Qe2 Nc5 14.
Rd1 Nxd3 15. Rxd3 Qc7 16. f3 Bd6 17. g3 O-O 18. Be3 Qe7 19. Rad1 Rfd8 20. Nb3 Bb4 21. Rxd8+ Rxd8 22. Rxd8+ Qxd8 23. Nc5 Bc8 24. a3 Bxc5 25. Bxc5 Bb7 26. Kg2 h5 27. Nd1 Qd7 28. Nf2 Qc6 29. Qe3 Qd7 30. h4 Bc6 31. Bd4 Ne8 32. Bc3 f6 33. Nd3 Qc8 34. e5 Bd5 35. Nf4 Qc4 36. Nxh5 f5 37. Nf4 Bc6 38. Ba5 Qc2+ 39. Qf2 Qb3 40. h5 Kf7 41. Qe2 Ke7 42. Kf2 Kf7 43. Nh3 Ke7 44. Ng5 Bd5 45. Qd2 Kd7 46. Kg2 Nf6 47. exf6 gxf6 48. Ne4 Ke7 49. Bb4+ Kd8 50. Nc3 1-0

[Event "*** SCC Grand Prix: Titled Tuesday Blitz"]
[Site "Chess.com"]
[Date "2020.07.07"]
[Round "2"]
[White "BlackBoarder"]
[Black "alfiefischer77"]
[Result "1-0"]
[WhiteElo "2586"]
[BlackElo "2309"]
[TimeControl "180+1"]
[EndTime "10:19:28 PDT"]
[Termination "BlackBoarder won by resignation"]

1. e4 c5 2. Nf3 e6 3. c3 a6 4. d4 d5 5. e5 Bd7 6. Bd3 cxd4 7.
cxd4 Bb5 8. Bxb5+ axb5 9. O-O b4 10. Nbd2 Ne7 11. Nb3 Nf5 12. Bg5 Be7 13. Bxe7 Qxe7 14.
Nc5 O-O 15. Qd3 Nc6 16. Rfc1 Ra5 17. Nb3 Ra7 18. Qb5 Rfa8 19. Qb6 h5 20. Kf1 Rxa2 21. Rxa2 Rxa2 22. Rc2 Ra6 23. Qb5 g5 24. Qc5 g4 25.
Qxe7 Nfxe7 26. Nh4 Ra8 27. Ke2 Rc8 28. Kd3 b5 29. g3 Kf8 30. Rc5 Rb8 31. Rc1 Rc8 32. Ra1 Rc7 33. Ra8+ Kg7 34. Ra6 Rb7 35. Nc5 Rb8 36.
Nd7 Rb7 37. Nf6 Ra7 38. Rxa7 Nxa7 39. Nxh5+ Kh6 40. Nf6 Nac6 41. Ne8 Nf5 42. Nxf5+ exf5 43. Nd6 Kg5 44. Nxf7+ Kg6 45. Nd6 Kg5 46. Nxb5 f4 47.
Nc7 Kf5 48. Nxd5 fxg3 49. hxg3 Na5 50. Ne3+ Kg5 51. d5 Nb7 52. Kc4 Na5+ 53. Kxb4 Nb7 54. Kb5 Nd8 55. Kb6 Kg6 56. Kc7 Nf7 57. e6 Ne5 58. d6 Kf6 59. d7 1-0

[Event "*** SCC Grand Prix: Titled Tuesday Blitz"]
[Site "Chess.com"]
[Date "2020.07.07"]
[Round "2"]
[White "Danfii"]
[Black "canary2016"]
[Result "1-0"]
[WhiteElo "2359"]
[BlackElo "1912"]
[TimeControl "180+1"]
[EndTime "10:19:28 PDT"]
[Termination "Danfii won by checkmate"]

1. e4 e5 2. Nf3 Nf6 3. Nxe5 d6 4. Nf3 Nxe4 5. Nc3 Nxc3 6. dxc3 Be7 7. Be3 O-O 8. Qd2 Nd7 9. O-O-O Nf6 10. h4 c5 11.
Ng5 h6 12. Kb1 d5 13. f3 a6 14. Qf2 Qc7 15. c4 d4 16. Bc1 b5 17. Bd3 bxc4 18.
Bxc4 a5 19. Qe2 a4 20. Qd3 Qb6 21. Rhe1 Bd6 22. Nxf7 Rxf7 23. Qg6 Qc7 24. Bxh6 Bf8 25. Re5 Ba6 26. Rxc5 Qe7 27. Bxf7+ Qxf7 28. Qxf7+ Kxf7 29. Rc7+ Kg8 30. Bg5 Rd8 31. b3 axb3 32. axb3 d3 33.
cxd3 Rxd3 34. Rxd3 Bxd3+ 35. Kb2 Bf1 36. g4 Bg2 37. Bxf6 gxf6 38. f4 Bf3 39. g5 fxg5 40.
hxg5 Bg7+ 41. Kc2 Be4+ 42. Kd2 Bf5 43. b4 Bf8 44. b5 Be4 45. b6 Bb4+ 46. Ke3 Bg2 47. b7 Bd6 48. b8=Q+ Bf8 49. Qb3+ Kh8 50. Qc3+ Kg8 51. Qb3+ Kh8 52. Qb2+ Kg8 53. Qa2+ Kh8 54.
Qxg2 Kg8 55. Qd5+ Kh8 56. Qf7 Bc5+ 57. Kf3 Bd4 58. Qh7# 1-0

[Event "*** SCC Grand Prix: Titled Tuesday Blitz"]
[Site "Chess.com"]
[Date "2020.07.07"]
[Round "2"]
[White "Cxrjs"]
[Black "realmadridtv"]
[Result "0-1"]
[WhiteElo "2260"]
[BlackElo "2464"]
[TimeControl "180+1"]
[EndTime "10:19:29 PDT"]
[Termination "realmadridtv won on time"]

1. e4 e5 2. Nf3 Nc6 3. Bb5 a6 4. Ba4 Nf6 5. Qe2 b5 6. Bb3 Be7 7. c3 O-O 8. O-O Bb7 9. Rd1 d5 10. d4 exd4 11. e5 Ne4 12. cxd4 Na5 13. Bc2 f5 14. exf6 Bxf6 15. Nc3 Nxc3 16. bxc3 g6 17.
Bh6 Re8 18. Qd3 Bc8 19. Re1 Bf5 20. Rxe8+ Qxe8 21. Qd1 Bxc2 22. Qxc2 Nc4 23. Re1 Qf7 24. Qe2 Nd6 25. Ne5 Bxe5 26. dxe5 Nf5 27. e6 Qe7 28. Bf4 c6 29. Qe5 Re8 30. g4 Ng7 31. Re3 Qxe6 32. Qg5 Qf7 33. Rxe8+ Qxe8 34. Be5 Qf8 35. Qf4 Qxf4 36.
Bxf4 Ne6 37. Bd6 Ng5 38. f4 Ne4 39. Be5 Kf7 40. Kg2 Ke6 41. Kf3 a5 42. h4 b4 43.
cxb4 axb4 44. Ke3 c5 45. Bb2 c4 46. Kd4 c3 47. Bc1 Nf6 48. f5+ gxf5 49. gxf5+ Kxf5 50. Kc5 Ke4 51. Kxb4 Kd3 52. a4 Kc2 53. Bg5 Nd7 54.
a5 Nb8 55. Kb5 d4 56. Bf4 d3 57. Bxb8 d2 58. a6 d1=Q 59. a7 Qd5+ 60. Kb6 Qa8 0-1

[Event "*** SCC Grand Prix: Titled Tuesday Blitz"]
[Site "Chess.com"]
[Date "2020.07.07"]
[Round "2"]
[White "Sammed_Shete"]
[Black "Indianlad"]
[Result "1-0"]
[WhiteElo "2606"]
[BlackElo "2952"]
[TimeControl "180+1"]
[EndTime "10:19:31 PDT"]
[Termination "Sammed_Shete won on time"]

1. e4 c5 2. Nf3 Nc6 3. Bb5 g6 4. O-O Bg7 5. c3 Nf6 6. Re1 O-O 7. d4 d5 8. e5 Ne4 9. Bxc6 bxc6 10. Be3 a5 11.
dxc5 Bg4 12. h3 Bd7 13. Nbd2 Rb8 14. Qc1 Qc7 15. Bd4 Bf5 16. Nxe4 Bxe4 17. Ng5 Bf5 18. f4 f6 19. exf6 exf6 20. Ne6 Bxe6 21. Rxe6 Rfe8 22. Qe3 Rxe6 23. Qxe6+ Kh8 24. f5 gxf5 25. Rf1 f4 26. Bxf6 Rf8 27. Bxg7+ Kxg7 28. Re1 Rf7 29. Qg4+ Kf8 30.
Re6 f3 31. Qh4 f2+ 32. Kf1 Qc8 33. Rd6 Qa6+ 34. c4 Qxc4+ 35. Qxc4 dxc4 36. Rxc6 Rb7 37. Rb6 Rd7 38. Kxf2 Ke7 39. Ke3 Rd3+ 40. Ke4 Rd2 41. Rb7+ Ke6 42. Rb6+ Ke7 43. g4 Rh2 44. Rb7+ Ke6 45.
Rb6+ Ke7 46. Kd5 Rxh3 47. Kxc4 Rh4 48. Rb7+ Ke6 49. c6 Kd6 50. Kb5 Rxg4 51. Rd7+ Ke6 52. Rd2 Rg8 53. c7 h5 54. Kc6 1-0

[Event "*** SCC Grand Prix: Titled Tuesday Blitz"]
[Site "Chess.com"]
[Date "2020.07.07"]
[Round "2"]
[White "bascheyaro"]
[Black "SARGISMV"]
[Result "1-0"]
[WhiteElo "2695"]
[BlackElo "2479"]
[TimeControl "180+1"]
[EndTime "10:19:31 PDT"]
[Termination "bascheyaro won by resignation"]

1. d4 Nf6 2. Nc3 d5 3. Bf4 g6 4.
e3 Bg7 5. Nb5 Na6 6. Nf3 c6 7.
Nc3 Nc7 8. Ne5 O-O 9. Be2 Nd7 10. Nd3 Re8 11. h4 h6 12. Bg4 Nf6 13. Bf3 Bf5 14. g4 Be4 15. g5 Bxf3 16. Qxf3 hxg5 17. hxg5 Nh5 18. O-O-O Nxf4 19. Nxf4 Qd6 20. Rh4 Ne6 21. Nxe6 Qxe6 22. Rdh1 f5 23. gxf6 exf6 24. Qg2 Kf7 25. Ne2 Rh8 26. b3 Rxh4 27. Rxh4 Rh8 28. Rxh8 Bxh8 29. Qh2 Bg7 30. Qc7+ Qe7 31. Qc8 Bh6 32. Kb2 Kg7 33. Nc1 f5 34. Nd3 f4 35.
exf4 Kh7 36. f5 Bg7 37. fxg6+ Kxg6 38. Nf4+ Kh7 39. Qf5+ Kg8 40. Ne6 Qf6 41. Qg4 Kf7 42.
Qxg7+ Qxg7 43. Nxg7 Kxg7 44. Kc3 Kf6 45. Kd3 Kf5 46. Ke3 Kg4 47. c4 b5 48. cxd5 cxd5 49. b4 a6 50. a3 Kg5 51. f3 Kf5 52. Ke2 Kg5 53. Kf1 Kf5 54. Kg2 Kg5 55. Kg3 Kf5 56. Kg2 Kg5 57. Kg1 Kf5 58. Kf1 Kg5 59. Kg2 Kf5 60. Kg3 Kg5 61. f4+ Kf6 62. Kg4 Kg6 63. f5+ Kf6 64. Kf4 Kf7 65. Ke5 Ke7 66.
Kxd5 Kf6 67. Kc6 Kxf5 68. d5 Ke4 69. d6 a5 70. Kxb5 axb4 71. axb4 Ke5 72. d7 Ke6 73. d8=Q 1-0

[Event "*** SCC Grand Prix: Titled Tuesday Blitz"]
[Site "Chess.com"]
[Date "2020.07.07"]
[Round "2"]
[White "random_mango"]
[Black "Ziachess74"]
[Result "1/2-1/2"]
[WhiteElo "2375"]
[BlackElo "2641"]
[TimeControl "180+1"]
[EndTime "10:19:33 PDT"]
[Termination "Game drawn - insufficient material"]

1. e4 g6 2. d4 Bg7 3. Nc3 d6 4. Be3 a6 5. f4 b5 6. Nf3 Bb7 7. Bd3 Nd7 8. O-O c5 9. dxc5 Nxc5 10. e5 Nxd3 11. Qxd3 dxe5 12. Qxd8+ Rxd8 13. Nxe5 Nf6 14. Rad1 O-O 15. Bb6 Rc8 16. a3 e6 17. Rd2 Nd5 18. Nxd5 Bxd5 19. Rfd1 g5 20. Be3 Rc7 21. Nd3 g4 22.
Nb4 Be4 23. Nxa6 Rxc2 24. Nc5 Rxd2 25. Rxd2 Bd5 26. f5 h5 27. f6 Bh8 28. Bd4 Rc8 29.
b4 Ra8 30. Bb2 Kh7 31. Kf2 Kg6 32. Nd3 Kf5 33. Kg3 Rc8 34. Nc5 Kg6 35. Rf2 Bc4 36. h3 gxh3 37. gxh3 Rd8 38. Kh4 Rd5 39. Rg2+ Kf5 40.
Rg5+ Kf4 41. Rxd5 exd5 42. Kxh5 Ke3 43. Kg5 d4 44. Kf5 d3 45. Nxd3 Bxd3+ 46. Ke5 Bc4 47. Kd6 Kd3 48. Ke7 Kc2 49. Be5 Kb3 50. h4 Kxa3 51.
h5 Kxb4 52. h6 Bd3 53. Kf8 Kc5 54. Kg8 Bxf6 55. Bxf6 Kd5 56. Kxf7 b4 57. Kg7 b3 58. h7 Bxh7 59. Kxh7 b2 60. Bxb2 1/2-1/2

[Event "*** SCC Grand Prix: Titled Tuesday Blitz"]
[Site "Chess.com"]
[Date "2020.07.07"]
[Round "2"]
[White "YPradafah"]
[Black "Blagorod"]
[Result "1-0"]
[WhiteElo "2480"]
[BlackElo "2095"]
[TimeControl "180+1"]
[EndTime "10:19:33 PDT"]
[Termination "YPradafah won on time"]

1. d4 d5 2. Nf3 Nc6 3. Bf4 Bg4 4. e3 e6 5. Be2 Bd6 6. Bg3 Nge7 7. O-O O-O 8. c4 Nf5 9. Nbd2 Nxg3 10. hxg3 h6 11.
Rc1 dxc4 12. Nxc4 Ne7 13. Qb3 b6 14. Nxd6 cxd6 15. Rc2 Qd7 16. Rfc1 Rfc8 17. Ba6 Rxc2 18. Qxc2 Nf5 19. Nd2 d5 20. Qc7 Qa4 21. Bb7 Rf8 22. a3 Qa5 23. Qc3 Qb5 24. Nb1 Nd6 25. Bc6 Qe2 26. Qd2 Qa6 27. f3 Bf5 28. Nc3 Nc4 29.
Qe2 Qa5 30. e4 dxe4 31. fxe4 Nd6 32. exf5 Nxf5 33. Qf2 Rc8 34. Be4 Nd6 35. Bd3 Qh5 36. Rf1 Rc7 37. Be2 Qg6 38. Qe3 Nf5 39. Qe5 Re7 40. Bd3 Qxg3 41. Bxf5 Qxe5 42. dxe5 exf5 43. Re1 f4 44. Nd5 Rd7 45. Nxf4 Rd2 46. Re2 Rd1+ 47. Kf2 Kf8 48. Rc2 Ke7 49. Rc7+ Ke8 50. Rxa7 Rd2+ 51. Kf3 Rxb2 52. g4 Rb3+ 53. Ke4 g5 54. Nd5 Rb1 55.
Nf6+ Kd8 56. Kd5 Rd1+ 57. Kc6 Rc1+ 58. Kd6 Rd1+ 59. Nd5 1-0

[Event "*** SCC Grand Prix: Titled Tuesday Blitz"]
[Site "Chess.com"]
[Date "2020.07.07"]
[Round "2"]
[White "PetrolulSah"]
[Black "davidkalashian"]
[Result "0-1"]
[WhiteElo "2170"]
[BlackElo "2624"]
[TimeControl "180+1"]
[EndTime "10:19:34 PDT"]
[Termination "davidkalashian won on time"]

1. d4 Nf6 2. c4 g6 3. Nc3 Bg7 4. e4 d6 5. Be2 O-O 6. Be3 e5 7. d5 Ne8 8. g4 f5 9. gxf5 gxf5 10. exf5 Bxf5 11. Qd2 Nd7 12. O-O-O e4 13. h4 Ne5 14.
Nh3 b5 15. cxb5 a6 16. bxa6 Nd3+ 17. Kb1 Rxa6 18. Rdg1 Kh8 19. Ng5 Ra8 20. Bxd3 exd3 21. Ne6 Bxe6 22. dxe6 Qf6 23. Qxd3 Qxe6 24. Bd4 Rf4 25.
Rxg7 Nxg7 26. Rg1 Rg4 27. Rxg4 Qxg4 28. Nd5 c5 29. Be3 Qf5 30. Qxf5 Nxf5 31. Bf4 Rd8 32. h5 Kg7 33. a4 Kf7 34. a5 Ke6 35. Nc7+ Kd7 36.
Nb5 Kc6 37. Nc3 Ra8 38. Ne4 Rxa5 39. Nf6 Ra7 40. h6 Rf7 41. Ne4 Ne7 42. Be3 Nd5 43.
Ng5 Re7 44. Bd2 Nf6 45. Be3 Ne4 46. Kc2 Nxg5 47. Bxg5 Rf7 48. Be3 d5 49. b3 d4 50.
Bg5 Rxf2+ 51. Kd3 Rf3+ 52. Kc2 Kd5 53. Bd2 Rf2 54. Kd3 Rf3+ 55. Kc2 c4 56. bxc4+ Kxc4 57. Bc1 Rf2+ 58. Kd1 Kc3 59. Bf4 d3 0-1